 Dungeon Crawl Stone Soup version 0.17-a0-957-ga3519be (webtiles) character file.

206 FedoraBrony69 the Conjurer (level 5, 0/28 HPs)
             Began as a Deep Elf Conjurer on May 7, 2015.
             Slain by a hound (2 damage)
             ... on level 4 of the Dungeon.
             The game lasted 00:05:21 (2612 turns).

FedoraBrony69 the Conjurer (Deep Elf Conjurer)      Turns: 2612, Time: 00:05:21

Health: 0/28       AC:  3    Str:  5    XL:     5   Next: 53%
Magic:  0/14       EV: 13    Int: 21    God:
Gold:   110        SH:  0    Dex: 15    Spells: 3 memorised, 3 levels left

rFire  . . .     SeeInvis .     h - +0 spear
rCold  . . .     Clarity  .     a - +0 robe
rNeg   . . .     SustAb   +     (no shield)
rPois  .         Gourm    .     i - +0 helmet
rElec  .         Spirit   .     (no cloak)
rCorr  .         Warding  .     (no gloves)
rMut   .         Stasis   .     (no boots)
MR     .....                    (no amulet)
Stlth  ++........               (no ring)
                                t - ring of sustain abilities

@: not resistant to hostile enchantments, unstealthy
A: no striking features
a: no special abilities


You were on level 4 of the Dungeon.
You were not hungry.

You visited 1 branch of the dungeon, and saw 4 of its levels.

You collected 110 gold pieces.

Inventory:

Hand weapons
 h - a +0 spear (weapon)
 j - a +2 short sword of venom
Armour
 a - a +0 robe (worn)
 e - a cursed +0 ring mail
 i - a +0 helmet (worn)
Jewellery
 t - a ring of sustain abilities (left hand)
Magical devices
 u - a wand of enslavement (8)
Scrolls
 d - a scroll of recharging {unknown}
 f - a scroll of teleportation {unknown}
 g - 2 scrolls of identify {unknown}
 k - a scroll of amnesia {unknown}
 m - 2 scrolls of random uselessness {unknown}
 r - a scroll of fog {unknown}
 s - a scroll of remove curse {unknown}
Potions
 l - 2 potions of heal wounds {unknown}
 v - a potion of flight {unknown}
 w - a potion of ambrosia {unknown}
 x - a potion of curing {unknown}
Books
 b - a book of Conjurations

   Spells                             Type                      Level
   a - Magic Dart                     Conjuration                  1
   b - Searing Ray                    Conjuration                  2
   c - Dazzling Spray                 Conjuration/Hexes            3
   d - Fulminant Prism                Conjuration/Hexes            4
   e - Iskenderun's Mystic Blast      Conjuration                  4
   f - Iskenderun's Battlesphere      Conjuration/Charms           5
Comestibles
 c - 4 bread rations
 n - 2 fruits
 o - a slice of pizza
 p - a meat ration


   Skills:
 - Level 0.2 Fighting
 - Level 2.4 Dodging
 - Level 2.4 Stealth
 + Level 4.9 Spellcasting
 + Level 6.5 Conjurations
 * Level 1.7 Charms


You had 3 spell levels left.
You knew the following spells:

 Your Spells              Type           Power        Failure   Level  Hunger
a - Magic Dart            Conj           ####         1%          1    None
b - Iskenderun's Battles  Conj/Chrm      ###.....     67%         5    #####..
c - Iskenderun's Mystic   Conj           ####....     10%         4    ####...


Dungeon Overview and Level Annotations

Branches:
Dungeon (4/15)
 Temple: D:4-7

Altars:


Message History

Aim: a gnoll, wielding a spear (almost dead, chance 54%)
The gnoll resists with significant effort.
Evoking this partially-identified wand wasted a few charges.
The gnoll hits you from afar with a spear.
* * * LOW HITPOINT WARNING * * *
Evoke which item? (* to show all) (? for menu, Esc to quit)
Zapping:
u - a wand of enslavement {zapped: 2} (will waste charges)
Press: ? - help, Shift-Dir - straight line, f/p - gnoll
Aim: a gnoll, wielding a spear (almost dead, chance 54%)
The gnoll resists with significant effort.
Evoking this partially-identified wand wasted a few charges.
The hound barely misses you. The gnoll completely misses you.
Evoke which item? (* to show all) (? for menu, Esc to quit)
Zapping:
u - a wand of enslavement {zapped: 4} (will waste charges)
Press: ? - help, Shift-Dir - straight line, f/p - gnoll
Aim: a gnoll, wielding a spear (almost dead, chance 54%)
The gnoll is charmed.
Evoking this partially-identified wand wasted a few charges.
The hound bites you.
You die...

####..# #.... ###.....#
##..# ........# #(.#
........## #.)#
...####..# ##..#
######...## #).##
.........## ###g.#
.......)).#####....#
............##..@h..#
....................#
####......##..........#
#......####...........
#.....## ##....##.....
#.....# #....# ##...
.....# ......# #.. ...#
#......# ......


You could see a hound and a friendly gnoll.

Vanquished Creatures
  The ghost of FedoraBrony69 the Conjurer, an average DECj of Kikubaaqudgha (D:4)
  3 adders
  3 gnolls (D:4)
  2 worms (D:3)
  9 orcs
  A ball python (D:1)
  3 giant cockroaches
  2 hobgoblins
  4 jackals
  2 quokkas (D:2)
  5 bats
  3 giant geckos
  4 giant newts
  7 goblins
  10 kobolds
  8 rats
67 creatures vanquished.

Notes
Turn   | Place    | Note
--------------------------------------------------------------
     0 | D:1      | FedoraBrony69, the Deep Elf Conjurer, began the quest for the Orb.
     0 | D:1      | Reached XP level 1. HP: 10/10 MP: 6/6
   264 | D:1      | Reached XP level 2. HP: 12/15 MP: 4/8
   681 | D:2      | Reached skill level 5 in Conjurations
   719 | D:2      | Reached XP level 3. HP: 11/19 MP: 2/10
  1851 | D:3      | Reached XP level 4. HP: 24/24 MP: 3/11
  2192 | D:3      | Reached skill level 6 in Conjurations
  2200 | D:4      | Noticed FedoraBrony69's ghost (average DECj)
  2207 | D:4      | HP: 1/24 [FedoraBrony69's ghost/magic dart (9)]
  2211 | D:4      | Killed FedoraBrony69's ghost
  2211 | D:4      | Reached XP level 5. HP: 1/28 MP: 0/14
  2220 | D:3      | Learned a level 5 spell: Iskenderun's Battlesphere
  2225 | D:3      | Learned a level 4 spell: Iskenderun's Mystic Blast
  2607 | D:4      | Reached skill level 1 in Charms
  2612 | D:4      | Slain by a hound

Action                   |  1- 3 |  4- 6 || total
-------------------------+-------+-------++-------
Melee: Spear             |     8 |     1 ||     9
 Cast: Magic Dart        |    91 |    59 ||   150
       Iskenderun's Myst |       |     2 ||     2
Evoke: Wand              |       |     3 ||     3
  Eat: Chunk             |     2 |     3 ||     5
